 Dungeon Crawl Stone Soup version 0.27.0-1-g7a089689b8 (webtiles) character file.

Game seed: 18037876619151952534

4 Spectrina the Magician (level 1, 0/15 HPs)
             Began as a Djinni Necromancer on Aug 17, 2021.
             Slain by a bat (1 damage)
             ... on level 1 of the Dungeon.
             The game lasted 00:01:08 (133 turns).

Spectrina the Magician (Djinni Necromancer)          Turns: 133, Time: 00:01:09

Health: 0/15       AC:  2    Str:  7    XL:     1   Next: 77%
Gold:   0          EV: 12    Int: 16    God:
                   SH:  0    Dex: 13

rFire    + . .     SeeInvis .   (no weapon)
rCold    . . .     Faith    .   (no shield)
rNeg     . . .     Spirit   .   a - +0 robe
rPois    ∞         Reflect  .   (no helmet)
rElec    .         Harm     .   (no cloak)
rCorr    .         Rampage  .   (no gloves)
Will     .....                  (boots unavailable)
Stlth    ++........             (no amulet)
HPRegen  0.05/turn              c - ring of ice
MPRegen  0.00/turn              (no ring)

@: flying
A: sickness immunity, fire resistance 2, cold vulnerability 1, float, innate
caster, hp casting, extra vitality 1
a: no special abilities


You were on level 1 of the Dungeon.
You visited 1 branch of the dungeon, and saw 2 of its levels.

Inventory:

Missiles
 b - 23 stones (quivered)
Armour
 a - a +0 robe (worn)
Jewellery
 c - a ring of ice (left hand)
Scrolls
 f - a scroll of identify {unknown}
Potions
 d - a potion of attraction {unknown}
 e - a potion of invisibility {unknown}


   Skills:
 - Level 2.1 Dodging
 - Level 1.5 Stealth
 + Level 3.4 Spellcasting


You couldn't memorise any spells.
You knew the following spells:

 Your Spells              Type           Power      Damage    Failure   Level
a - Pain                  Necr           52%        1d6       4%          1
c - Vampiric Draining     Necr           6%         2d6       13%         3
d - Animate Dead          Necr           6%         N/A       38%         4
e - Agony                 Necr           13%        N/A       75%         5
m - Animate Skeleton      Necr           26%        N/A       4%          1
Your spell library was empty.

Dungeon Overview and Level Annotations

Branches:
Dungeon (2/15)

Altars:


Innate Abilities, Weirdness & Mutations

You are immune to sickness and miasma.
You are immune to poison.
Your flesh is very heat resistant. (rF++)
You are vulnerable to cold. (rC-)
You float through the air rather than walking.
You learn spells naturally, not from books.
Your magical power is your life essence.
You have superior vitality. (+4 HP)


Message History

As you open the door, it creaks loudly!
A kobold comes into view. It is wielding a +0 short sword.
You hear an angry hiss.
The kobold shouts!
Found 19 bolts.
Casting: Animate Skeleton (safe; 4% risk of failure)
Confirm with . or Enter, or press ? or * to list all spells.
You can't see any susceptible monsters within range! (Use Z to cast anyway.) Unknown command.
You reach down and close the door.
A kobold is nearby!
There is a stone staircase leading up here.
You fly upwards.
There is a stone staircase leading down here.
Casting: Animate Skeleton (safe; 4% risk of failure)
Confirm with . or Enter, or press ? or * to list all spells.
Aiming: Pain (safe; 4% risk of failure)
Press: ? - help, Shift-Dir - straight line, f - bat
Aim: a bat (chance to affect: 83%)
The bat barely resists.
* * * LOW HITPOINT WARNING * * *
The bat hits you.
* * * LOW HITPOINT WARNING * * *
You hit the bat but do no damage. The bat completely misses you.
Casting: Pain (safe; 4% risk of failure)
Confirm with . or Enter, or press ? or * to list all spells.
Aiming: Pain (safe; 4% risk of failure)
Press: ? - help, Shift-Dir - straight line, f/p - bat
Aim: a bat (chance to affect: 83%)
The bat writhes in agony.
* * * LOW HITPOINT WARNING * * *
The bat completely misses you.
Unknown command.
You barely miss the bat.
The bat is severely wounded.
The bat misses you. The bat misses you.
You miss the bat.
The bat is moderately wounded.
The bat hits you.
You die...

.......###### ..#
....#..###### ..# ...
#........ #.. .
####).... #.# ####..
#.# .# ####. #.#
..... ..... #.#
#..... .###. #@#...#
#.#######. ##b#.#.#
#.........
###>...#.###...######
#....##......#.....).
##....b......#.......
####)#...###......:..
#.......## ###.......
#.......######.......
#.......##...........


You could see a bat.

Vanquished Creatures
  A goblin (D:1)
  A hobgoblin (D:1)
  A frilled lizard (D:1)
3 creatures vanquished.

Vanquished Creatures (collateral kills)
  A dart slug (D:1)
1 creature vanquished.

Grand Total: 4 creatures vanquished

Notes
Turn   | Place    | Note
-------+----------+-------------------------------------------
     0 | D:1      | Spectrina the Djinni Necromancer began the quest for the
                  | Orb.
     0 | D:1      | Reached XP level 1. HP: 15/15 MP: 0/0
   133 | D:1      | Slain by a bat

Illustrated notes

Levels and vault maps discovered:
D:1:      zelgadis_glass_arrival_small, layout_rooms
D:2:      layout_basic

Action                   || total
-------------------------++-------
Melee: Unarmed           ||     3
 Cast: Pain              ||     7
       Animate Skeleton  ||     2
Dodge: Dodged            ||     5
